General information
- name: BNet
- type: Ladder team game (AT/RT)
- host: Battle.net
- saver: TheRedCavalry
map: Cherryville
- players: 8
- length: 50:30
- speed: Fast
- version: 1.26 W3XP
- replay type: Public
» download(254 KB)
Players
team 1 (loser)
BommerDome (
red | 43 APM | 927 actions | 21:24)
5 Blademaster
3 Critical Strike
2 Wind Walk
2 Shadow Hunter
1 Healing Wave
1 Hex
» actions
| Assign group hotkey | 12 | |
| Build / train | 75 | |
| Enter build submenu | 23 | |
| Enter hero's abilities submenu | 7 | |
| Give item / drop item | 3 | |
| Right click | 281 | |
| Select / deselect | 175 | |
| Select group hotkey | 278 | |
| Use ability | 73 | |
927 total
» units
| Peon | 18 | |
| Grunt | 4 | |
| Shaman | 7 | |
| Tauren | 6 | |
35 total
» upgrades
| Armor | 3 | |
| Berserker Strength | 1 | |
| Melee Weapons | 3 | |
| Shaman Training | 2 | |
| Pulverize | 1 | |
| Ranged Weapons | 1 | |
11 total
» buildings
| Altar of Storms | 1 | |
| Orc Burrow | 8 | |
| Barracks | 1 | |
| Voodoo Lounge | 1 | |
| Stronghold | 1 | |
| War Mill | 1 | |
| Great Hall | 1 | |
| Watch Tower | 4 | |
| Spirit Lodge | 1 | |
| Fortress | 1 | |
| Tauren Totem | 2 | |
| Beastiary | 4 | |
26 total
» build order
00:05 Altar of Storms
00:12 Orc Burrow
01:02 Barracks
01:09 Voodoo Lounge
01:41 Orc Burrow
02:38 Orc Burrow
03:26 Stronghold
03:43 War Mill
06:05 Great Hall
06:10 Watch Tower
06:11 Watch Tower
07:16 Spirit Lodge
07:51 Orc Burrow
07:55 Orc Burrow
09:36 Fortress
09:45 Orc Burrow
10:17 Orc Burrow
11:59 Tauren Totem
12:43 Watch Tower
12:43 Watch Tower
13:36 Tauren Totem
14:55 Orc Burrow
18:55 Beastiary
20:04 Beastiary
20:07 Beastiary
20:11 Beastiary
» items
| Healing Salve | 5 | |
| Potion of Healing | 3 | |
| Orb of Lightning | 2 | |
| Potion of Mana | 3 | |
| Lesser Clarity Potion | 2 | |
| Scroll of Town Portal | 2 | |
| Tiny Great Hall | 1 | |
18 total
GogAndMagog (
purple | 56 APM | 2814 actions | 50:29)
6 Death Knight
3 Death Coil
3 Unholy Aura
1 Lich
1 Frost Armor
» actions
| Assign group hotkey | 175 | |
| Basic commands | 74 | |
| Build / train | 118 | |
| Enter build submenu | 56 | |
| Enter hero's abilities submenu | 7 | |
| Give item / drop item | 5 | |
| Remove unit from queue | 1 | |
| Right click | 1261 | |
| Select / deselect | 488 | |
| Select group hotkey | 489 | |
| Use ability | 140 | |
2814 total
» units
| Acolyte | 20 | |
| Ghoul | 9 | |
| Crypt Fiend | 3 | |
| Frost Wyrm | 7 | |
| Goblin Shredder | 3 | |
| Troll Batrider | 7 | |
| Wisp | 5 | |
| Gargoyle | 12 | |
66 total
» upgrades
| Creature Attack | 3 | |
| Creature Carapace | 3 | |
| Freezing Breath | 1 | |
| Stone Form | 2 | |
9 total
» buildings
| Ziggurat | 41 | |
| Crypt | 11 | |
| Altar of Darkness | 2 | |
| Graveyard | 2 | |
| Tomb of Relics | 1 | |
| Halls of the Dead | 2 | |
| Black Citadel | 2 | |
| Sacrificial Pit | 1 | |
| Spirit Tower | 24 | |
| Boneyard | 2 | |
| Necropolis | 3 | |
91 total
» build order
00:18 Ziggurat
00:21 Crypt
00:59 Altar of Darkness
01:02 Ziggurat
02:16 Graveyard
02:25 Tomb of Relics
02:35 Ziggurat
05:31 Halls of the Dead
06:50 Ziggurat
06:51 Ziggurat
06:53 Ziggurat
07:53 Black Citadel
08:00 Sacrificial Pit
09:39 Spirit Tower
09:40 Ziggurat
09:41 Ziggurat
10:25 Boneyard
10:26 Boneyard
11:25 Spirit Tower
15:00 Necropolis
15:14 Necropolis
18:50 Spirit Tower
18:53 Ziggurat
18:53 Ziggurat
18:54 Ziggurat
18:54 Ziggurat
18:55 Ziggurat
19:39 Necropolis
20:12 Spirit Tower
20:46 Ziggurat
20:46 Ziggurat
20:47 Ziggurat
20:48 Ziggurat
20:51 Ziggurat
20:52 Ziggurat
20:53 Ziggurat
21:24 Ziggurat
21:25 Ziggurat
21:26 Ziggurat
21:26 Ziggurat
21:57 Spirit Tower
23:08 Crypt
23:08 Crypt
23:10 Crypt
24:04 Halls of the Dead
24:26 Crypt
24:27 Crypt
24:30 Crypt
25:20 Crypt
25:23 Ziggurat
25:23 Ziggurat
25:24 Ziggurat
26:44 Graveyard
28:33 Spirit Tower
30:13 Crypt
30:14 Crypt
30:14 Crypt
30:29 Ziggurat
30:30 Ziggurat
30:32 Ziggurat
33:11 Altar of Darkness
38:20 Black Citadel
38:25 Spirit Tower
44:23 Ziggurat
44:24 Ziggurat
44:24 Ziggurat
44:25 Ziggurat
44:26 Ziggurat
44:26 Ziggurat
44:26 Ziggurat
44:29 Ziggurat
44:29 Ziggurat
44:30 Ziggurat
45:26 Spirit Tower
45:28 Spirit Tower
45:28 Spirit Tower
45:29 Spirit Tower
45:29 Spirit Tower
45:34 Spirit Tower
45:34 Spirit Tower
45:35 Spirit Tower
45:35 Spirit Tower
45:38 Spirit Tower
45:38 Spirit Tower
45:39 Spirit Tower
45:39 Spirit Tower
49:19 Spirit Tower
» items
| Rod of Necromancy | 2 | |
| Healing Salve | 1 | |
| Scroll of Town Portal | 1 | |
| Potion of Lesser Invulnerability | 1 | |
5 total

»
SpontaneousJizz (
teal | 31 APM | 566 actions | 18:11)
4 Priestess of the Moon
2 Searing Arrows
2 Trueshot Aura
» actions
| Assign group hotkey | 12 | |
| Basic commands | 72 | |
| Build / train | 65 | |
| Enter build submenu | 15 | |
| Enter hero's abilities submenu | 4 | |
| Right click | 138 | |
| Select / deselect | 205 | |
| Select group hotkey | 31 | |
| Use ability | 24 | |
566 total
» units
| Wisp | 10 | |
| Archer | 25 | |
| Druid of the Talon | 9 | |
| Huntress | 3 | |
| Hippogryph | 1 | |
48 total
» upgrades
| Strength of the Moon | 2 | |
| Moon Armor | 3 | |
| Improved Bows | 1 | |
| Druid of the Talon Training | 1 | |
| Marksmanship | 1 | |
8 total
» buildings
| Altar of Elders | 1 | |
| Moon Well | 7 | |
| Ancient of War | 2 | |
| Tree of Ages | 1 | |
| Hunter's Hall | 1 | |
| Ancient of Wind | 1 | |
| Tree of Eternity | 2 | |
| Ancient of Lore | 1 | |
| Tree of Life | 1 | |
17 total
» build order
00:12 Altar of Elders
00:26 Moon Well
00:34 Ancient of War
01:24 Moon Well
02:22 Moon Well
03:13 Moon Well
04:14 Tree of Ages
04:17 Hunter's Hall
04:36 Moon Well
05:41 Moon Well
06:13 Moon Well
07:13 Ancient of Wind
07:40 Ancient of War
13:55 Tree of Eternity
15:25 Ancient of Lore
16:40 Tree of Life
» items
Amsterswim (
green | 27 APM | 503 actions | 18:29)
3 Blademaster
1 Wind Walk
1 Critical Strike
1 Mirror Image
2 Shadow Hunter
1 Serpent Ward
1 Healing Wave
1 Tauren Chieftain
1 Endurance Aura
» actions
| Basic commands | 77 | |
| Build / train | 70 | |
| Enter build submenu | 16 | |
| Enter hero's abilities submenu | 6 | |
| Right click | 10 | |
| Select / deselect | 251 | |
| Use ability | 73 | |
503 total
» units
| Peon | 19 | |
| Grunt | 6 | |
| Troll Headhunter/Berserker | 8 | |
| Shaman | 6 | |
| Troll Witch Doctor | 9 | |
48 total
» upgrades
| Troll Regeneration | 1 | |
| Berserker Upgrade | 1 | |
| Shaman Training | 2 | |
| Witch Doctor Training | 2 | |
| Ranged Weapons | 1 | |
7 total
» buildings
| Orc Burrow | 6 | |
| Barracks | 1 | |
| Altar of Storms | 1 | |
| War Mill | 1 | |
| Voodoo Lounge | 1 | |
| Stronghold | 1 | |
| Fortress | 1 | |
| Great Hall | 1 | |
| Spirit Lodge | 2 | |
15 total
» build order
00:25 Orc Burrow
00:40 Barracks
00:58 Altar of Storms
01:24 War Mill
02:12 Orc Burrow
02:53 Orc Burrow
03:19 Voodoo Lounge
03:39 Orc Burrow
05:14 Stronghold
05:43 Orc Burrow
05:48 Orc Burrow
07:43 Fortress
08:22 Great Hall
09:20 Spirit Lodge
09:24 Spirit Lodge
» items
| Orb of Lightning | 2 | |
| Scroll of Town Portal | 1 | |
3 total
team 2 (winner)
Blizzerd (
orange | 14 APM | 704 actions | 50:29)
5 Lich
3 Frost Nova
1 Frost Armor
1 Death and Decay
» actions
| Build / train | 63 | |
| Enter build submenu | 14 | |
| Enter hero's abilities submenu | 5 | |
| Right click | 362 | |
| Select / deselect | 208 | |
| Use ability | 52 | |
704 total
» units
| Acolyte | 5 | |
| Ghoul | 3 | |
| Crypt Fiend | 16 | |
| Obsidian Statue | 6 | |
| Necromancer | 6 | |
| Banshee | 3 | |
39 total
» upgrades
| Web | 1 | |
| Creature Carapace | 1 | |
| Necromancer Training | 2 | |
| Skeletal Longevity | 1 | |
| Banshee Training | 1 | |
| Skeletal Mastery | 1 | |
| Destroyer Form | 1 | |
| Creature Attack | 1 | |
9 total
» buildings
| Crypt | 1 | |
| Ziggurat | 6 | |
| Altar of Darkness | 1 | |
| Graveyard | 1 | |
| Tomb of Relics | 1 | |
| Halls of the Dead | 2 | |
| Nerubian Tower | 1 | |
| Temple of the Damned | 1 | |
| Slaughterhouse | 1 | |
| Black Citadel | 1 | |
| Spirit Tower | 3 | |
19 total
» build order
00:17 Crypt
00:26 Ziggurat
00:45 Altar of Darkness
01:07 Ziggurat
01:42 Graveyard
02:32 Ziggurat
02:43 Tomb of Relics
03:45 Halls of the Dead
05:04 Nerubian Tower
05:33 Halls of the Dead
07:57 Temple of the Damned
08:12 Slaughterhouse
09:59 Black Citadel
10:08 Ziggurat
10:13 Ziggurat
13:11 Ziggurat
19:45 Spirit Tower
19:47 Spirit Tower
19:49 Spirit Tower
» items
Arkayah (
blue | 77 APM | 2931 actions | 37:54)
6 Keeper of the Grove
2 Force of Nature
3 Thorns Aura
1 Tranquility
5 Priestess of the Moon
3 Trueshot Aura
2 Searing Arrows
» actions
| Assign group hotkey | 215 | |
| Basic commands | 117 | |
| Build / train | 75 | |
| Enter build submenu | 28 | |
| Enter hero's abilities submenu | 11 | |
| Right click | 1508 | |
| Select / deselect | 373 | |
| Select group hotkey | 546 | |
| Use ability | 58 | |
2931 total
» units
| Wisp | 20 | |
| Archer | 6 | |
| Hippogryph | 13 | |
| Chimaera | 9 | |
| Dryad | 4 | |
52 total
» upgrades
| Strength of the Wild | 3 | |
| Reinforced Hides | 3 | |
| Corrosive Breath | 1 | |
7 total
» buildings
| Moon Well | 8 | |
| Ancient of War | 1 | |
| Altar of Elders | 1 | |
| Tree of Life | 3 | |
| Tree of Ages | 2 | |
| Hunter's Hall | 1 | |
| Tree of Eternity | 1 | |
| Ancient of Wind | 1 | |
| Chimaera Roost | 3 | |
| Ancient of Wonders | 1 | |
| Ancient of Lore | 2 | |
24 total
» build order
00:09 Moon Well
00:25 Ancient of War
00:37 Altar of Elders
01:27 Moon Well
02:22 Moon Well
03:58 Tree of Life
04:21 Moon Well
04:29 Tree of Ages
05:18 Moon Well
05:24 Hunter's Hall
06:42 Moon Well
07:18 Tree of Eternity
08:26 Moon Well
08:40 Ancient of Wind
10:05 Chimaera Roost
10:09 Chimaera Roost
11:37 Chimaera Roost
12:00 Ancient of Wonders
13:40 Moon Well
27:21 Tree of Life
29:52 Tree of Life
31:29 Tree of Ages
33:53 Ancient of Lore
33:56 Ancient of Lore
TheRedCavalry (
yellow | 68 APM | 3431 actions | 50:30)
4 Archmage
2 Summon Water Elemental
2 Brilliance Aura
» actions
| Assign group hotkey | 38 | |
| Basic commands | 550 | |
| Build / train | 134 | |
| ESC pressed | 3 | |
| Enter build submenu | 68 | |
| Enter hero's abilities submenu | 4 | |
| Give item / drop item | 5 | |
| Right click | 1051 | |
| Select / deselect | 570 | |
| Select group hotkey | 911 | |
| Use ability | 97 | |
3431 total
» units
| Peasant | 24 | |
| Footman | 12 | |
| Goblin Shredder | 4 | |
| Gryphon Rider | 6 | |
46 total
» upgrades
| Masonry | 3 | |
| Defend | 1 | |
| Swords | 4 | |
| Armor | 3 | |
| Lumber Harvesting | 2 | |
| Animal War Training | 1 | |
| Storm Hammers | 1 | |
| Cloud | 1 | |
| Backpack | 1 | |
| Gunpowder | 3 | |
| Plating | 3 | |
| Barrage | 1 | |
| Magic Sentry | 1 | |
| Sorceress Training | 2 | |
| Priest Training | 2 | |
| Control Magic | 1 | |
| Flak Cannons | 1 | |
| Flying Machine Bombs | 1 | |
| Fragmentation Shards | 1 | |
| Flare | 1 | |
| Long Rifles | 1 | |
35 total
» buildings
| Altar of Kings | 1 | |
| Farm | 13 | |
| Barracks | 1 | |
| Lumber Mill | 1 | |
| Arcane Vault | 1 | |
| Town Hall | 2 | |
| Scout Tower | 30 | |
| Guard Tower | 31 | |
| Keep | 1 | |
| Blacksmith | 1 | |
| Castle | 1 | |
| Gryphon Aviary | 4 | |
| Arcane Sanctum | 1 | |
| Workshop | 2 | |
90 total
» build order
00:03 Altar of Kings
00:07 Farm
00:21 Barracks
01:07 Farm
01:52 Lumber Mill
02:07 Farm
02:42 Arcane Vault
03:28 Town Hall
03:32 Scout Tower
03:56 Scout Tower
03:59 Guard Tower
04:10 Farm
04:14 Farm
04:34 Guard Tower
05:07 Scout Tower
05:10 Scout Tower
05:33 Guard Tower
05:38 Guard Tower
05:38 Guard Tower
05:38 Guard Tower
06:31 Keep
06:47 Blacksmith
07:14 Scout Tower
07:16 Scout Tower
07:19 Scout Tower
07:21 Scout Tower
07:23 Scout Tower
07:26 Scout Tower
07:44 Guard Tower
07:48 Guard Tower
08:11 Guard Tower
08:13 Guard Tower
08:42 Guard Tower
09:09 Castle
09:48 Gryphon Aviary
10:08 Scout Tower
10:12 Scout Tower
10:15 Scout Tower
10:31 Gryphon Aviary
10:44 Guard Tower
10:45 Guard Tower
10:50 Guard Tower
11:04 Gryphon Aviary
11:24 Gryphon Aviary
11:33 Scout Tower
11:37 Scout Tower
12:12 Guard Tower
12:12 Guard Tower
12:34 Scout Tower
12:37 Scout Tower
12:40 Scout Tower
12:42 Scout Tower
13:09 Guard Tower
13:10 Guard Tower
13:19 Guard Tower
13:42 Guard Tower
13:53 Guard Tower
13:53 Guard Tower
14:17 Scout Tower
14:20 Scout Tower
14:25 Scout Tower
14:36 Farm
14:45 Guard Tower
14:48 Guard Tower
14:55 Farm
14:56 Guard Tower
14:59 Farm
15:05 Farm
15:09 Scout Tower
15:16 Scout Tower
15:51 Guard Tower
16:19 Scout Tower
16:27 Scout Tower
16:28 Scout Tower
16:51 Scout Tower
17:02 Guard Tower
17:25 Arcane Sanctum
17:31 Farm
17:43 Guard Tower
17:53 Workshop
18:06 Workshop
19:32 Guard Tower
19:35 Scout Tower
19:37 Scout Tower
23:34 Guard Tower
27:11 Farm
27:11 Farm
27:12 Farm
33:44 Town Hall
» items
| Scroll of Regeneration | 5 | |
| Boots of Speed | 1 | |
| Staff of Teleportation | 1 | |
| Scroll of Town Portal | 6 | |
| Lesser Clarity Potion | 1 | |
14 total

»
DontCallMeANoob (
pink | 56 APM | 1880 actions | 33:48)
6 Death Knight
3 Death Coil
3 Unholy Aura
3 Lich
1 Frost Nova
2 Frost Armor
4 Dark Ranger
2 Silence
2 Black Arrow
» actions
| Assign group hotkey | 36 | |
| Basic commands | 23 | |
| Build / train | 71 | |
| ESC pressed | 3 | |
| Enter build submenu | 27 | |
| Enter hero's abilities submenu | 13 | |
| Give item / drop item | 4 | |
| Remove unit from queue | 1 | |
| Right click | 760 | |
| Select / deselect | 295 | |
| Select group hotkey | 546 | |
| Use ability | 101 | |
1880 total
» units
| Acolyte | 9 | |
| Ghoul | 2 | |
| Crypt Fiend | 10 | |
| Goblin Shredder | 1 | |
| Obsidian Statue | 1 | |
| Frost Wyrm | 2 | |
| Gargoyle | 2 | |
27 total
» upgrades
| Creature Carapace | 3 | |
| Creature Attack | 3 | |
| Web | 1 | |
| Backpack | 1 | |
8 total
» buildings
| Graveyard | 1 | |
| Crypt | 2 | |
| Ziggurat | 9 | |
| Altar of Darkness | 1 | |
| Tomb of Relics | 1 | |
| Necropolis | 2 | |
| Halls of the Dead | 1 | |
| Black Citadel | 1 | |
| Nerubian Tower | 1 | |
| Spirit Tower | 1 | |
| Slaughterhouse | 1 | |
| Sacrificial Pit | 2 | |
| Boneyard | 3 | |
26 total
» build order
00:09 Graveyard
00:12 Crypt
00:40 Ziggurat
00:58 Altar of Darkness
01:57 Tomb of Relics
02:00 Crypt
02:22 Ziggurat
04:41 Ziggurat
05:26 Necropolis
06:36 Halls of the Dead
08:02 Ziggurat
09:54 Black Citadel
10:17 Ziggurat
10:18 Ziggurat
11:27 Nerubian Tower
11:29 Spirit Tower
11:50 Slaughterhouse
11:52 Sacrificial Pit
12:44 Sacrificial Pit
13:49 Boneyard
13:50 Boneyard
14:11 Ziggurat
14:11 Ziggurat
14:44 Boneyard
17:13 Necropolis
21:41 Ziggurat
» items
| Rod of Necromancy | 2 | |
| Scroll of Regeneration | 2 | |
| Lesser Clarity Potion | 2 | |
| Potion of Healing | 3 | |
| Scroll of Town Portal | 4 | |
| Potion of Mana | 1 | |
14 total
Chat log
(00:14 / All) TheRedCavalry: Red Army is the strongest
(00:16 / All) TheRedCavalry: Stalin #1
(00:26 / All) DontCallMeANoob: where is the ussr then?
(00:29 / All) Arkayah: Lol^
(00:38 / All) TheRedCavalry: Destalinised, the Russian Federation, 1991. Its death
(01:01 / All) TheRedCavalry: USSR won the most in the olympics. It brought man to space. It did many things that others did not
(01:17 / All) SpontaneousJizz: ron paul is the man
(01:25 / All) BommerDome: fo sho
(01:32 / All) DontCallMeANoob: ill drink to that
(01:38 / All) Amsterswim: ron paul all the way -- legalize pot!
(01:50 / All) DontCallMeANoob: he's not about legalizing pot
(01:51 / All) BommerDome: all fuckin day
(01:53 / All) SpontaneousJizz: u can make this happen if u get involved locally
(01:54 / All) BommerDome: yea he is
(01:57 / All) Blizzerd: i workout
(02:00 / All) GogAndMagog: No you can't
(02:03 / All) SpontaneousJizz: i just got back from the ga gop convention
(02:08 / All) DontCallMeANoob: he's about civil liberties
(02:09 / All) SpontaneousJizz: but we were outnumbered
(02:18 / All) DontCallMeANoob: same thing i guess but its not about pot
(02:41 / All) Amsterswim: want to get a hot girl in bed? get her to smoke pot with you
(02:48 / All) Blizzerd: im sexy
(03:06 / All) DontCallMeANoob: or just be good looking
(03:09 / All) GogAndMagog: It's easier to just rape them but whatever floats your boat buddy
(03:28 / All) DontCallMeANoob: purp wins he is funny
(03:31 / All) Amsterswim: pot gives girls dirty and kinky ideas
(03:44 / All) Amsterswim: that is why they want to ban pot
(03:53 / Allies) DontCallMeANoob: bm orange
(04:03 / All) Amsterswim: jackpot
(06:27 / All) DontCallMeANoob: who should i kill first... lets seee
(07:01 / Allies) DontCallMeANoob: oohh
(07:07 / Allies) DontCallMeANoob: i was about to buy your scroll.
(09:02 / All) GogAndMagog: lawl shit
(09:24 / All) GogAndMagog: didn't know nova portrait
(12:29 / Allies) Arkayah: b
(12:56 / Allies) Arkayah: careful
(13:10 / Allies) Arkayah: lumber me plz
(14:19 / Allies) Arkayah: lets group up
(15:16 / Allies) Arkayah: meet middle
(15:25 / Allies) DontCallMeANoob: tp
(15:41 / All) GogAndMagog: map hack faggot
(18:25 / All) Arkayah: gg scurbs
(18:30 / All) TheRedCavalry: It's not over yet
(18:39 / All) BommerDome: retard
(19:14 / Allies) TheRedCavalry: hit here next
(19:43 / Allies) TheRedCavalry: hit up top
(19:46 / Allies) TheRedCavalry: purp sucks ignore him
(20:03 / Allies) DontCallMeANoob: you slow tech man
(20:58 / All) Arkayah: scub orc
(22:51 / Allies) DontCallMeANoob: my question to you is so what?
(26:12 / Allies) DontCallMeANoob: orange
(26:35 / Allies) Arkayah: wtf yellow
(26:38 / Allies) DontCallMeANoob: blue
(26:40 / Allies) DontCallMeANoob: kill this
(27:15 / Allies) DontCallMeANoob: orange
(28:59 / Allies) Blizzerd: honestly dont care yellow lol
(29:59 / All) TheRedCavalry: You can all leave now.
(30:02 / All) TheRedCavalry: You lost.
(30:14 / All) TheRedCavalry: Shitty faggots lost to a BSer when you had it won.
(30:14 / Allies) Blizzerd: im watchin my show
(30:14 / Allies) DontCallMeANoob: go
(30:15 / Allies) DontCallMeANoob: now
(30:17 / Allies) DontCallMeANoob: attack him
(30:51 / Allies) DontCallMeANoob: go now
(30:56 / Allies) Blizzerd: dude people do this all the time on roc i dont give a shit usually just go afk and watch a show
(30:58 / Allies) DontCallMeANoob: send uunits
(31:04 / Allies) DontCallMeANoob: 11
(31:14 / Allies) TheRedCavalry: If you didn't give a shit, you would have left already
(31:16 / Allies) TheRedCavalry: It's over
(31:35 / Allies) Blizzerd: na if i did give a shit id leave and win 3 games by now
(32:12 / Allies) DontCallMeANoob: blue?
(32:16 / Allies) Blizzerd: just die pink
(32:31 / All) TheRedCavalry: You can leave now, you got raped
(32:53 / Allies) Blizzerd: i dont leave till everything is destroyed lol sorry get to work
(33:32 / Allies) DontCallMeANoob: lol
(33:33 / Allies) DontCallMeANoob: hes dead
(34:05 / All) TheRedCavalry: That's right, you can all leave now. You have my permission
(34:11 / All) TheRedCavalry: You just lost a 1v6
(34:17 / All) TheRedCavalry: Well, 2v6 now
(34:39 / All) TheRedCavalry: Should have left an acolyte for pink so I could unsummon all his shit
(34:43 / All) TheRedCavalry: I never even had mass TP
(35:19 / All) GogAndMagog: What happened was we attacked oyur side and I had 3 fiends lozl
(35:25 / All) GogAndMagog: I pinged for them to attack pink
(35:35 / All) TheRedCavalry: Sorry blue, you can't get dryads
(35:40 / All) TheRedCavalry: Can't let you do that Starfox
(35:47 / All) Arkayah: haha good game
(35:51 / All) Arkayah: Well played
(35:55 / All) TheRedCavalry: Thanks
(36:01 / All) TheRedCavalry: Nobody ever says that when stabbing lol. It's always rage
(36:10 / All) Arkayah: lol
(36:17 / All) Arkayah: nah it was a good bs
(36:20 / All) Arkayah: I applaud you
(36:27 / All) Arkayah: well played well played
(36:38 / All) Blizzerd: its terrible bs my bs games are over in 10min
(36:48 / All) TheRedCavalry: UD is not a stabbing race.
(36:55 / All) TheRedCavalry: Unless you can expo and get wyrms
(37:11 / All) Blizzerd: which on here u can noob
(37:18 / All) Arkayah: do you know purp yellow?
(37:21 / All) GogAndMagog: You can just say you aren't playing and all your teammates will insta QQ
(37:22 / All) TheRedCavalry: Yes, we were AT
(37:24 / All) GogAndMagog: but where is the fun in that?
(38:30 / All) TheRedCavalry: You can leave now orange. You got raped, and I've given you sufficient time to bandage up your bleeding asshole.
(39:01 / All) Blizzerd: dont through ur rage on me lol kill everything then ull win ur bs
(39:18 / All) TheRedCavalry: Alright, that makes it sweeter honestly
(39:28 / All) Blizzerd: then do it
(39:31 / All) TheRedCavalry: I am
(39:45 / All) Blizzerd: alright ill be back when its done
(39:58 / All) TheRedCavalry: You can't, the game will be over
(40:20 / All) Blizzerd: exactly and ill find a new game lol
(40:30 / All) GogAndMagog: why not just do that now?
(40:32 / All) TheRedCavalry: Are you sure? You can take a break if you're asspained
(40:40 / All) TheRedCavalry: You can take 10 mins to calm down
(41:05 / All) Blizzerd: because it saves players the pain of having two noob bs bitches on their teams
(41:15 / All) GogAndMagog: My lich was fail this game lawl
(41:27 / All) GogAndMagog: I forgot its portrait and was in a hurry to select nova
(41:30 / All) TheRedCavalry: That doesn't really make sense given the context, orange. Are you Brazilian?
(41:31 / All) GogAndMagog: it died I never revived it
(41:33 / All) GogAndMagog: died level 1
(41:42 / All) GogAndMagog: never tried to revive it
(42:06 / All) TheRedCavalry: I usually hate caster heroes in 4v4. Everyone focus fires
(42:20 / All) GogAndMagog: yeh
(42:24 / All) TheRedCavalry: They should listen to Grubby's commentaries and know to never focus fire heroes unless you are absolutely sure you can get it
(42:26 / All) Blizzerd: only if u cant handle the hero right
(42:29 / All) TheRedCavalry: and it will pay off more than killing units.
(42:32 / All) GogAndMagog: I like to get TC with 5 health periapts
(42:55 / All) GogAndMagog: and a tp scroll
(43:24 / All) GogAndMagog: I don't even try to kill level 6 TC unless I'm sure I can kill it twice
(43:35 / All) GogAndMagog: like if they don't have scroll of TP
(43:40 / All) TheRedCavalry: Level 6 TCs are fun as hell to kill if they have no TP and no way to run out
(43:45 / All) TheRedCavalry: Guaranteed twice the rape
(44:12 / All) GogAndMagog: loz
(44:36 / All) TheRedCavalry: Last building
(44:40 / All) TheRedCavalry: Any last words orange?
(45:11 / All) TheRedCavalry: I thought you said you'd be back? :(
(45:46 / All) TheRedCavalry: Forgot about the hall while kiling the watch tower
(47:20 / All) TheRedCavalry: Last building. I thought you were coming back, buddy?
(47:30 / All) TheRedCavalry: I'm Rod Serling, creator of the Twilight Zone.
(47:41 / All) TheRedCavalry: You don't just walk out of it. You've stumbled into another dimension.
(48:43 / All) TheRedCavalry: Cherryville? Maybe it's a hidden part nestled in the back of a man's mind
(48:50 / All) TheRedCavalry: Or maybe it's the last stop in the vast design of things
(49:02 / All) TheRedCavalry: Or perhaps, for a man like Blizzerd, age twelve, it's a place around the bend for him to jump off
(49:18 / All) TheRedCavalry: Cherryville? Whatever it is, it comes with sunlight and serenity, and is a part of the Twilight Zone.
(49:42 / All) TheRedCavalry: Next week on the Twilight Zone, the Turningcoat and Mr. Serling will embark on more stabbing adventures.
(49:52 / All) TheRedCavalry: Free of the faggotry of a certain Jake Campbell, age twenty-five.
(50:04 / All) TheRedCavalry: Doomed to his mother's basement with nothing but a jersey and Jeopardy. For that is what he is in.
(50:22 / All) TheRedCavalry: Goodbye, orange. You disappointed us all. We thought you were coming back.
(50:28 / All) TheRedCavalry: There it goes.